 Dungeon Crawl Stone Soup version 0.30.1-4-g462c640d31 (webtiles) character file.

Game seed: 16595149498317783849

3758 nonceun the Cleaver (level 9, 0/126 HPs)
             Began as a Minotaur Berserker on Sept 10, 2023.
             Was a High Priest of Trog.
             Slain by an eight-headed hydra (2 damage)
             ... on level 8 of the Dungeon.
             The game lasted 00:18:09 (5927 turns).

nonceun the Cleaver (Minotaur Berserker)            Turns: 5927, Time: 00:18:09

Health: 0/126      AC: 13    Str: 26    XL:     9   Next: 94%
Magic:  8/8        EV: 11    Int: 12    God:    Trog [*****.]
Gold:   460        SH:  0    Dex: 19    Spells: 8/8 levels left

rFire   . . .        a - +0 battleaxe
rCold   . . .        (shield currently unavailable)
rNeg    . . .        p - +4 scale mail of the Eight Tusks {Str+2 Dex+3}
rPois   .            (helmet restricted)
rElec   .            (no cloak)
rCorr   .            (no gloves)
SInv    .            w - +1 pair of boots
Will    ++++.        (no amulet) Stlth
                     o - +6 ring of dexterity
HPRegen 1.41/turn    y - ring of Otem {Will++ Int+6 Slay+3 Stlth-}
MPRegen 0.11/turn

%: no passive effects
@: berserking (expiring), strong-willed (expiring), regenerating (expiring),
very quick
A: horns 2, retaliatory headbutt
a: Renounce Religion, Berserk, Trog's Hand, Brothers in Arms


You were on level 8 of the Dungeon.
You worshipped Trog.
Trog was extremely pleased with you.
You visited 1 branch of the dungeon, and saw 8 of its levels.

You collected 460 gold pieces.

Inventory:

Hand Weapons
 a - a +0 battleaxe (weapon)
 b - a +5 war axe
Armour
 p - the +4 scale mail of the Eight Tusks (worn) {Str+2 Dex+3}
   (You found it on level 3 of the Dungeon)

   Str:       It affects your strength (+2).
   Dex:       It affects your dexterity (+3).
 r - a +0 plate armour
 s - a +0 buckler
 w - a +1 pair of boots (worn)
Jewellery
 k - a ring of resist corrosion
 o - a +6 ring of dexterity (left hand)
 y - the ring of Otem (right hand) {Will++ Int+6 Slay+3 Stlth-}
   (You found it on level 5 of the Dungeon)

   [ring of intelligence]

   Int:       It affects your intelligence (+6).
   Slay:      It affects your accuracy & damage with ranged weapons and melee
   (+3).
   Will:      It greatly increases your willpower.
   Stlth:     It makes you less stealthy.
 D - a ring of protection from cold
 E - a ring of flight
Wands
 x - a wand of polymorph (7)
 H - a wand of charming (7)
Scrolls
 d - a scroll of brand weapon {unknown}
 e - 5 scrolls of teleportation {unknown}
 g - a scroll of magic mapping {unknown}
 h - 2 scrolls of enchant armour {unknown}
 j - 6 scrolls of identify {unknown}
 t - 2 scrolls of acquirement {unknown}
 u - 2 scrolls of noise {unknown}
 z - 4 scrolls of poison {unknown}
 C - a scroll of immolation {unknown}
 F - 2 scrolls of enchant weapon {unknown}
Potions
 c - 3 potions of cancellation {unknown}
 f - a potion of flight {unknown}
 i - a potion of lignification {unknown}
 l - 2 potions of berserk rage {unknown}
 m - a potion of brilliance {unknown}
 n - 2 potions of might {unknown}
 q - 2 potions of haste {unknown}
 v - 2 potions of degeneration {unknown}
 A - 4 potions of curing {unknown}
 B - 2 potions of mutation {unknown}
 G - a potion of attraction {unknown}


   Skills:
 * Level 9.4 Fighting
 + Level 12.3 Axes
 * Level 5.3 Armour
 - Level 2.1 Dodging
 * Level 7.2 Shields


You had 8 spell levels left.
You didn't know any spells.
Your spell library contained the following spells:

 Spells                   Type           Power      Damage    Failure   Level
 Summon Small Mammal      Summ           0%         N/A       56%         1
 Cigotuvi's Dreadful Rot  Necr/Pois/Air  0%         N/A       71%         2
 Call Canine Familiar     Summ           0%         N/A       91%         3
 Ignite Poison            Fire/Tmut/Pois 0%         N/A       91%         3
 Summon Guardian Golem    Hex/Summ       0%         N/A       91%         3
 Sticky Flame             Conj/Fire      0%         2d3       100%        4
 Freezing Cloud           Conj/Ice/Air   0%         6-21      100%        5
 Malign Gateway           Summ/Tloc      0%         N/A       100%        7
 Monstrous Menagerie      Summ           0%         N/A       100%        7
 Borgnjor's Revivificati  Necr           0%         N/A       100%        8
 Ignition                 Fire           0%         3d3       100%        8
 Necromutation            Tmut/Necr      0%         N/A       100%        8
 Death's Door             Necr           0%         N/A       100%        9


Dungeon Overview and Level Annotations

Branches:
Dungeon (8/15)             Temple (0/1) D:4
   Lair: D:8-11

Altars:
Ashenzari
Gozag
Kikubaaqudgha
Wu Jian


Innate Abilities, Weirdness & Mutations

You have a pair of horns on your head.
You reflexively headbutt those who attack you in melee.


Message History

The sky beast is moderately wounded.
You open the sky beast like a pillowcase!!!
You kill the sky beast!
Trog accepts your kill.
The centaur shoots an arrow.
The arrow barely misses you.
You slice the steam dragon!!
You kill the steam dragon!
Trog accepts your kill.
The centaur shoots an arrow.
The arrow barely misses you.
Unknown command.
You slice one of the five-headed hydra's heads off!
The four-headed hydra grows two more!
You slash the six-headed hydra!
The six-headed hydra is moderately wounded.
The centaur shoots an arrow.
The arrow hits you but does no damage.
You chop one of the six-headed hydra's heads off!
The five-headed hydra grows two more!
You slice the seven-headed hydra!! You headbutt the seven-headed hydra!!
The seven-headed hydra is severely wounded.
You feel the effects of Trog's Hand fading.
The centaur shoots an arrow.
The arrow hits you.
* * * LOW HITPOINT WARNING * * *
The seven-headed hydra completely misses you.
The seven-headed hydra closely misses you.
The seven-headed hydra bites you but does no damage.
The seven-headed hydra barely misses you.
The seven-headed hydra bites you.
* * * LOW HITPOINT WARNING * * *
The seven-headed hydra closely misses you. x2
You lop one of the seven-headed hydra's heads off!
The six-headed hydra grows two more!
You slice the eight-headed hydra!!
The eight-headed hydra is severely wounded.
An orc comes into view. It is wielding a +0 short sword.
The eight-headed hydra bites you but does no damage.
The eight-headed hydra bites you.
* * * LOW HITPOINT WARNING * * *
The eight-headed hydra bites you but does no damage.
The eight-headed hydra bites you!
* * * LOW HITPOINT WARNING * * *
The eight-headed hydra bites you.
You die... ..###.....# $## .........<# goD

#####.#>#.# 8g
#.#.#.# !J #.....#
[# #.#..##### o#
#.#..#♣♣.♣♣ ♣♣D♣♣
#.#..#♣...♣#♣Dg.♣
#.#..#♣♣.♣♣#@#+#.#
#.#..#♣...♣#)#
#)#..#♣♣.♣♣#)#
#)#..#♣...♣#.#
#.)..#.~~~.♣.#
###....~~~..c#
#..#.~~~.♣.#
#..#♣...♣#.#
>...#♣♣.♣♣#.#


You could see an eight-headed hydra, a steam dragon, a centaur, a gnoll (swift)
and an orc.

Vanquished Creatures
  A meliai (D:8)
  A vampire (D:7)
  3 yaks (D:8)
  An unseen horror simulacrum (D:8)
  2 steam dragons
  An acid dragon (D:8)
  A water moccasin (D:8)
  A sky beast (D:8)
  An ogre (D:4)
  An orc warrior (D:6)
  2 ice beasts
  3 black bears
  A centaur (D:6)
  2 kobold brigands (D:8)
  5 scorpions
  A killer bee (D:8)
  2 orc priests
  A gnoll bouda (D:8)
  7 hounds
  A sleepcap (D:5)
  11 iguanas
  4 orc wizards
  14 gnolls
  6 adders
  A shadow imp (D:6)
  A white imp (D:6)
  An ufetubus (D:6)
  A worm (D:2)
  2 dart slugs
  21 orcs
  10 bats
  11 endoplasms
  A giant cockroach (D:1)
  11 goblins
  9 hobgoblins
  8 jackals
  3 quokkas
  9 ball pythons
  16 frilled lizards
  16 kobolds
  4 rats
198 creatures vanquished.

Vanquished Creatures (others)
  An orc wizard (D:6)
1 creature vanquished.

Grand Total: 199 creatures vanquished

Notes
Turn   | Place    | Note
-------+----------+-------------------------------------------
     0 | D:1      | nonceun the Minotaur Berserker began the quest for the Orb.
     0 | D:1      | Reached XP level 1. HP: 19/19 MP: 0/0
   116 | D:1      | Reached skill level 4 in Axes
   196 | D:1      | Reached XP level 2. HP: 26/26 MP: 1/1
   196 | D:1      | You fall into a shaft and drop 1 floor!
   329 | D:1      | Reached skill level 5 in Axes
   429 | D:1      | Reached XP level 3. HP: 30/31 MP: 2/2
   573 | D:1      | Reached ** piety under Trog
  1037 | D:2      | Reached skill level 6 in Axes
  1037 | D:2      | Reached XP level 4. HP: 35/39 MP: 3/3
  1301 | D:2      | Got Fadiown's Thoughts on the Retinue
  1320 | D:2      | Reached *** piety under Trog
  2065 | D:3      | Found a broken altar of Ashenzari.
  2208 | D:3      | Reached skill level 7 in Axes
  2208 | D:3      | Reached XP level 5. HP: 40/45 MP: 4/4
  2251 | D:3      | Identified the +4 scale mail of the Eight Tusks {Str+2
                  | Dex+3}
  2601 | D:3      | Identified the staff of poison "Uladymop" {rElec rPois
                  | Will+ Str-2}
  2825 | D:4      | Found an ornate altar of the Wu Jian Council.
  2825 | D:4      | Found an ancient bone altar of Kikubaaqudgha.
  2858 | D:4      | Reached skill level 1 in Shields
  3055 | D:4      | Reached XP level 6. HP: 52/52 MP: 5/5
  3109 | D:4      | Reached **** piety under Trog
  3110 | D:4      | Reached skill level 8 in Axes
  3304 | D:4      | Reached XP level 7. HP: 60/60 MP: 6/6
  3352 | D:4      | Found a staircase to the Ecumenical Temple.
  3586 | D:4      | Reached skill level 9 in Axes
  3724 | D:5      | Entered Level 5 of the Dungeon
  3739 | D:5      | Identified the ring of Otem {Will++ Int+6 Slay+3 Stlth-}
  3816 | D:5      | Reached skill level 5 in Fighting
  4424 | D:6      | Noticed a steam dragon
  4430 | D:6      | Killed a steam dragon
  4481 | D:6      | Reached skill level 10 in Axes
  4481 | D:6      | Reached XP level 8. HP: 70/70 MP: 7/7
  4939 | D:6      | Reached skill level 11 in Axes
  4946 | D:6      | Reached skill level 5 in Shields
  5291 | D:7      | Reached ***** piety under Trog
  5294 | D:7      | Reached XP level 9. HP: 75/79 MP: 8/8
  5411 | D:7      | Found an opulent altar of Gozag.
  5775 | D:8      | Reached skill level 5 in Armour
  5778 | D:8      | Received a gift from Trog
  5782 | D:8      | Reached skill level 12 in Axes
  5886 | D:8      | Noticed a five-headed hydra
  5900 | D:8      | Noticed a meliai
  5912 | D:8      | Killed a meliai
  5927 | D:8      | HP: 2/126 [eight-headed hydra (8)]
  5927 | D:8      | Slain by an eight-headed hydra

Illustrated notes

Levels and vault maps discovered:
D:1:      dpeg_arrival_rooms_a, layout_basic, dk_noncrumbling_4,
          minmay_lizard_king
D:2:      layout_basic, minmay_hexomino_p4
D:3:      layout_basic, ashenzari_altar_1
D:4:      layout_gridville, nicolae_overflow_two_pavilions,
          minmay_temple_entry_nine_rooms, minmay_misc_feat_diagonals
D:5:      layout_loops_ring, serial_bayou_ford_a
D:6:      minmay_chambers_of_threes, layout_loops_ring, minmay_misc_feat_doors,
          amcnicky_mini_corridor_feature
D:7:      layout_gridville, mainiacjoe_overflow_boulevard
D:8:      nzn_winding_woodlands_three_and_one
          [nzn_winding_woodlands_5x15_parted,
          nzn_winding_woodlands_5x15_longhouse, nzn_winding_woodlands_5x15_pool,
          nzn_winding_woodlands_center_pierced_h], layout_basic,
          tso_oasis_becter, serial_ice, serial_ice_d, serial_ice_a,
          serial_ice_m, serial_ice_f, uniq_prince_ribbit1, uniq_joseph,
          uniq_psyche

Skill      XL: |  1  2  3  4  5  6  7  8  9 |
---------------+----------------------------+-----
Axes           | 4 5 6 7 8 10 11 12 | 12.3
Fighting       | 4 6 7 9 |  9.4
Shields        | 1 2 4 5 7 |  7.2
Armour         | 4 5 |  5.3
Dodging        | |  2.1

Action                     |  1- 3 |  4- 6 |  7- 9 || total
---------------------------+-------+-------+-------++-------
  Melee: Hand axe          |    26 |       |       ||    26
         Headbutt          |     7 |    14 |    27 ||    48
         Battleaxe         |    72 |    98 |   203 ||   373
 Invoke: Trog's Hand       |       |       |     3 ||     3
         Berserk           |       |       |     2 ||     2
 Armour: Ring mail         |    39 |     4 |       ||    43
         Chain mail        |       |     4 |       ||     4
         Scale mail        |       |    23 |    87 ||   110
  Dodge: Dodged            |    86 |    53 |   112 ||   251
